 Dungeon Crawl Stone Soup version 0.30.0-5-g1a98f26d00 (webtiles) character file.

Game seed: 14336397254775383311

251 KamiKatze the Conjurer (level 5, 0/28 HPs)
             Began as a Deep Elf Conjurer on May 12, 2023.
             Slain by Grinder (5 damage)
             ... while paralysed by Grinder
             ... on level 3 of the Dungeon.
             The game lasted 00:05:59 (2105 turns).

KamiKatze the Conjurer (Deep Elf Conjurer)          Turns: 2105, Time: 00:06:00

Health: 0/28       AC:  2    Str:  4    XL:     5   Next: 88%
Magic:  8/13       EV:  2    Int: 25    God:
Gold:   95         SH:  0    Dex: 13    Spells: 2/13 levels left

rFire   . . .        f - +0 whip (elec)
rCold   . . .        (no shield)
rNeg    . . .        a - +0 robe
rPois   .            (no helmet)
rElec   .            (no cloak)
rCorr   .            (no gloves)
SInv    .            (no boots)
Will    .....        (no amulet)
Stlth   ++           (no ring)
HPRegen 0.24/turn    (no ring)
MPRegen 0.13/turn

%: no passive effects
@: paralysed
A: no striking features
a: no special abilities


You were on level 3 of the Dungeon.
You visited 1 branch of the dungeon, and saw 3 of its levels.

You collected 95 gold pieces.

Inventory:

Hand Weapons
 c - a +0 mace of draining
 f - a +0 whip of electrocution (weapon)
Armour
 a - a +0 robe (worn)
Wands
 u - a wand of acid (1)
Scrolls
 h - 4 scrolls of identify {unknown}
 i - 2 scrolls of noise {unknown}
 j - a scroll of teleportation {unknown}
 l - a scroll of blinking {unknown}
 m - 2 scrolls of brand weapon {unknown}
 s - a scroll of magic mapping {unknown}
 t - a scroll of fear {unknown}
Potions
 b - a potion of magic
 d - 3 potions of curing {unknown}
 e - a potion of berserk rage {unknown}
 g - a potion of haste {unknown}
 k - a potion of resistance {unknown}
 n - 2 potions of attraction {unknown}
 o - a potion of flight {unknown}
 p - 2 potions of brilliance {unknown}
 q - a potion of lignification {unknown}
 r - a potion of mutation {unknown}
 v - a potion of ambrosia {unknown}
 w - a potion of might {unknown}


   Skills:
 + Level 1.2 Throwing
 - Level 3.0 Dodging
 - Level 3.0 Stealth
 * Level 4.6 Spellcasting
 * Level 5.1 Conjurations
 * Level 3.1 Hexes
 * Level 2.2 Translocations
 + Level 1.3 Evocations


You had 2 spell levels left.
You knew the following spells:

 Your Spells              Type           Power      Damage    Failure   Level
a - Magic Dart            Conj           100%       1d8       1%          1
b - Searing Ray           Conj           62%        2d6       1%          2
c - Fulminant Prism       Conj/Hex       13%        3d9       16%         4
d - Iskenderun's Mystic   Conj/Tloc      24%        2d7       19%         4

Your spell library contained the following spells:

 Spells                   Type           Power      Damage    Failure   Level
 Call Imp                 Summ           10%        N/A       13%         2
 Dazzling Flash           Conj/Hex       52%        N/A       4%          3
 Mephitic Cloud           Conj/Pois/Air  14%        N/A       13%         3


Dungeon Overview and Level Annotations

Branches:
Dungeon (3/15)

Altars:
Okawaru

Annotations:
D:3 Grinder


Message History

Your fulminant prism explodes!
You hear a shout!
You climb upwards.
There is a stone staircase leading down here.
You start resting.
Magic restored.
You climb downwards.
Level annotation: Grinder Grinder blinks!
Grinder gestures at you.
You struggle to resist.
There is a stone staircase leading up here.
Unknown command.
Casting: Fulminant Prism (extremely dangerous; 16% risk of failure)
Confirm with . or Enter, or press ? or * to list all spells.
Aiming: Searing Ray (safe; 1% risk of failure)
Press: ? - help, Shift-Dir - straight line, f - Grinder
Aim: Grinder (77% to hit)
The searing ray hits Grinder!
Grinder is moderately wounded. (Press . to maintain the ray.) Grinder hits you!
The searing ray hits Grinder!
Grinder is heavily wounded.
Grinder gestures at you. Pain shoots through your body!
The searing ray hits Grinder.
Grinder is heavily wounded.
Grinder closely misses you.
The searing ray hits Grinder!
Grinder is severely wounded.
You finish channelling your searing ray.
Grinder gestures at you.
You suddenly lose the ability to move!
Grinder hits you!
* * * LOW HITPOINT WARNING * * *
You writhe in agony.
* * * LOW HITPOINT WARNING * * *
Grinder hits you.
You die...

### #
#@# #
#5# #
#.# #
#.# #
#.# #
#.#
######
#.#
##...##
#.#
#.....#
#.#
#.....#


You could see Grinder.

Vanquished Creatures
  Sigmund (D:3)
  2 adders
  2 gnolls (D:3)
  A worm (D:3)
  3 bats (D:2)
  11 endoplasms
  2 giant cockroaches (D:2)
  7 goblins
  5 hobgoblins
  4 kobolds
  2 quokkas (D:3)
  4 ball pythons
  4 frilled lizards
  4 rats
52 creatures vanquished.

Vanquished Creatures (others)
  A fulminant prism (D:3)
1 creature vanquished.

Grand Total: 53 creatures vanquished

Notes
Turn   | Place    | Note
-------+----------+-------------------------------------------
     0 | D:1      | KamiKatze the Deep Elf Conjurer began the quest for the
                  | Orb.
     0 | D:1      | Reached XP level 1. HP: 10/10 MP: 6/6
   354 | D:1      | Reached skill level 1 in Hexes
   354 | D:1      | Reached XP level 2. HP: 15/15 MP: 5/8
   357 | D:1      | Learned a level 2 spell: Searing Ray
   559 | D:1      | Found a faded altar of an unknown god.
   784 | D:2      | Reached XP level 3. HP: 19/19 MP: 6/10
  1300 | D:2      | Identified the +2 ring mail "Anerr" {Harm rPois rF+}
  1311 | D:2      | Reached skill level 1 in Translocations
  1340 | D:2      | Found an iron altar of Okawaru.
  1739 | D:3      | Reached XP level 4. HP: 24/24 MP: 8/11
  1838 | D:3      | Noticed Sigmund
  1845 | D:3      | Killed Sigmund
  1846 | D:3      | Reached skill level 1 in Throwing
  1846 | D:3      | Reached skill level 5 in Conjurations
  1846 | D:3      | Reached skill level 1 in Evocations
  1846 | D:3      | Reached XP level 5. HP: 11/28 MP: 2/13
  2022 | D:3      | Noticed Grinder
  2051 | D:2      | Learned a level 4 spell: Fulminant Prism
  2056 | D:2      | Learned a level 4 spell: Iskenderun's Mystic Blast
  2103 | D:3      | Paralysed by Grinder for 5 turns
  2105 | D:3      | Slain by Grinder

Illustrated notes

Levels and vault maps discovered:
D:1:      minmay_arrival_five_plusses, layout_loops_ring,
          hellmonk_ecumenical_altar_heavens_door
D:2:      layout_basic, basic_altar
D:3:      layout_basic, uniq_terence, uniq_robin, uniq_sigmund, uniq_grinder

Skill      XL: |  1  2  3  4 |
---------------+-------------+-----
Hexes          | 1 2 3 |  3.1
Translocations | 1 2 |  2.2
Throwing       | 1 |  1.2
Dodging        | 3 |  3.0
Stealth        | 3 |  3.0
Spellcasting   | 4 |  4.6
Conjurations   | 5 |  5.1
Evocations     | 1 |  1.3

Action                     |  1- 3 |  4- 6 || total
---------------------------+-------+-------++-------
  Melee: Whip              |     5 |       ||     5
   Cast: Magic Dart        |    79 |     9 ||    88
         Searing Ray       |     1 |     5 ||     6
         Fulminant Prism   |       |     1 ||     1
   Stab: Sleeping          |     1 |       ||     1
 Armour: Robe              |     2 |       ||     2
  Dodge: Dodged            |     2 |     1 ||     3
